Map: Eternal Empire LE

Players

Impact

  • Race: Zerg Zerg
  • League: Grandmaster
  • Spawn Location: 1:00

Dear - Winner!

  • Race: Protoss Protoss
  • League: Master
  • Spawn Location: 7:00

VOD

Have the link to the VOD?

Description

Time

  • Played on: Jan. 16, 2020, 4:18 a.m.
  • Length: 17:02
Show
View Real Time Build Order
Export as new Build Order

Impact Zerg 

Build Orders: Hatch First, Muta Ling Bane 

Get SALT Encoding   

  12  0:00  Drone  
  13  0:12  Overlord  
  13  0:16  Drone  
  14  0:31  Drone x2  
  16  0:48  Hatchery  
  15  0:51  Drone  
  15  0:55  Drone  
  17  0:58  Drone  
  18  1:09  Extractor  
  17  1:15  Spawning Pool  
  16  1:18  Drone  
  16  1:20  Drone  
  18  1:29  Drone  
  19  1:39  Drone  
  20  1:49  Drone  
  20  1:50  Hatchery  
  20  2:01  Zergling x2  
  20  2:03  Queen  
  20  2:07  Drone  
  24  2:15  Queen  
  24  2:21  Overlord  
  26  2:25  Drone  
  26  2:28  Drone  
  28  2:32  Metabolic Boost  
  28  2:36  Extractor  
  27  2:37  Zergling x2  
  27  2:41  Zergling x2  
  27  2:43  Drone  
  31  2:45  Drone  
  31  2:46  Drone  
  33  2:53  Queen  
  33  2:57  Drone  
  35  2:58  Drone  
  35  3:04  Queen  
  38  3:07  Zergling x2  
  38  3:11  Zergling x2  
  40  3:17  Drone x2  
  42  3:21  Overlord x2  
  42  3:26  Overlord  
  42  3:33  Queen  
  42  3:40  Drone x3  
  45  3:45  Drone  
  45  3:46  Drone x2  
  48  3:49  Spore Crawler  
  48  3:50  Drone  
  48  3:52  Drone  
  48  3:53  Drone  
  50  4:00  Spore Crawler  
  50  4:01  Drone x2  
  50  4:04  Drone  
  50  4:06  Drone  
  50  4:07  Drone x2  
  50  4:08  Drone  
  56  4:10  Zergling x2  
  56  4:12  Spore Crawler  
  56  4:14  Drone  
  56  4:20  Roach Warren  
  56  4:22  Zergling x2  
  56  4:23  Zergling x2  
  57  4:24  Zergling x2  
  57  4:29  Overlord  
  58  4:32  Lair  
  58  4:35  Overlord  
  58  4:42  Drone  
  58  4:44  Overlord  
  57  4:54  Extractor, Drone x7  
  57  4:56  Extractor, Drone  
  57  4:59  Drone x3  
  66  5:01  Drone x2  
  66  5:04  Drone  
  66  5:05  Drone  
  70  5:08  Overlord  
  70  5:12  Overlord  
  70  5:14  Overlord  
  70  5:23  Drone x4  
  70  5:27  Drone  
  75  5:31  Glial Reconstitution  
  75  5:34  Spire  
  75  5:35  Drone x4  
  78  5:36  Drone  
  78  5:37  Extractor  
  78  5:39  Extractor x2  
  78  5:40  Drone  
  78  5:42  Drone  
  78  5:43  Drone, Evolution Chamber  
  78  5:47  Drone  
  79  5:50  Overlord  
  79  5:54  Drone  
  79  5:55  Drone x2  
  82  5:57  Overseer  
  82  6:00  Drone x2  
  84  6:06  Roach  
  84  6:07  Roach x4  
  94  6:12  Hatchery  
  94  6:13  Roach  
  94  6:15  Zerg Melee Weapons Level 1  
  95  6:19  Roach, Overlord  
  97  6:27  Drone  
  97  6:31  Zergling x14, Baneling Nest  
  103  6:33  Zergling x4  
  103  6:37  Overlord  
  103  6:38  Overlord  
  105  6:41  Drone  
  105  6:42  Drone x2  
  105  6:43  Drone  
  109  6:50  Mutalisk x3  
  109  6:53  Mutalisk  
  115  6:56  Mutalisk  
  115  7:00  Mutalisk x2  
  123  7:02  Mutalisk  
  123  7:05  Drone  
  123  7:08  Drone  
  127  7:10  Drone  
  127  7:13  Drone  
  127  7:14  Drone x3  
  127  7:15  Drone x2  
  134  7:16  Unknown  
  134  7:17  Centrifical Hooks  
  134  7:20  Overlord  
  132  7:23  Overlord x2  
  128  7:31  Zergling x2, Roach x2  
  129  7:38  Drone x6  
  129  7:39  Drone x3  
  129  7:42  Drone  
  139  7:47  Infestation Pit  
  139  7:50  Baneling x3  
  139  7:51  Baneling x10  
  138  7:52  Ravager x3  
  138  7:57  Zergling x16  
  149  8:00  Spore Crawler  
  149  8:02  Overlord x2  
  149  8:04  Drone  
  149  8:07  Evolution Chamber  
  144  8:14  Hatchery  
  144  8:18  Baneling x7  
  143  8:23  Drone x2  
  143  8:24  Zergling x2, Roach x4  
  154  8:28  Roach x2  
  154  8:29  Baneling x4  
  154  8:31  Pneumatized Carapace  
  154  8:32  Overseer  
  154  8:34  Zergling x6  
  160  8:43  Zergling x2, Roach  
  160  8:44  Zergling x14  
  160  8:47  Zergling x4, Roach  
  168  8:51  Hive  
  168  8:54  Drone  
  161  8:56  Zergling x2  
  161  8:57  Zergling x4  
  161  8:59  Baneling x7  
  161  9:01  Ravager x5  
  169  9:06  Spore Crawler, Overlord x2  
  168  9:12  Zergling x2, Roach  
  168  9:13  Zergling x6  
  168  9:14  Overlord  
  173  9:24  Overlord  
  173  9:30  Zergling x2, Roach x3  
  173  9:31  Zergling x14  
  181  9:36  Zergling x10  
  181  9:37  Zerg Melee Weapons Level 2, Zerg Missile Weapons Level 1  
  183  9:42  Zergling x6  
  187  9:45  Zergling x4  
  187  9:52  Zergling x10  
  193  9:59  Corruptor x4  
  199  10:07  Spine Crawler  
  199  10:08  Overlord  
  199  10:09  Spine Crawler  
  199  10:10  Overlord x2  
  199  10:11  Overlord  
  193  10:15  Greater Spire  
  193  10:17  Adrenal Glands  
  193  10:19  Drone x2  
  193  10:21  Spine Crawler x2  
  191  10:25  Corruptor x2  
  191  10:26  Corruptor x2  
  198  10:30  Baneling x8  
  198  10:31  Baneling  
  198  10:32  Baneling x2  
  198  10:33  Baneling  
  197  10:37  Zergling x2  
  197  10:38  Zergling x6  
  198  10:42  Drone  
  198  10:43  Drone  
  198  10:44  Extractor  
  198  10:46  Drone  
  199  10:52  Baneling  
  199  10:53  Baneling x8  
  198  10:58  Overlord x2  
  198  10:59  Overlord  
  198  11:05  Zergling x2  
  198  11:08  Overlord  
  199  11:14  Hatchery, Overlord  
  197  11:24  Zergling x2  
  197  11:25  Zergling x10  
  189  11:35  Zerg Flyer Weapons Level 1  
  181  11:42  Zergling x8  
  181  11:43  Zergling x32  
  181  11:46  Zergling x16, Roach  
  189  11:50  Zergling x2  
  189  11:53  Zerg Melee Weapons Level 3  
  181  11:55  Zergling x2  
  181  11:56  Zergling x8  
  181  11:58  Zergling x4  
  181  12:00  Zergling x2  
  178  12:04  Zergling x2  
  166  12:08  Pathogen Glands  
  166  12:09  Zerg Missile Weapons Level 2  
  166  12:10  Corruptor x5  
  166  12:11  Corruptor  
  166  12:15  Corruptor  
  180  12:22  Corruptor x3  
  177  12:25  Corruptor  
  183  12:31  Zergling x2, Roach x3  
  183  12:32  Zergling x2  
  183  12:34  Ravager x4  
  183  12:36  Baneling  
  183  12:37  Baneling x3  
  195  12:38  Overlord  
  195  12:39  Overseer x2  
  195  12:42  Baneling x8  
  195  12:43  Baneling  
  195  12:47  Drone x2  
  195  12:48  Baneling x7  
  195  12:49  Baneling  
  197  12:52  Zergling x2  
  197  12:53  Zergling x4  
  197  12:55  Baneling x8  
  197  12:56  Baneling  
  200  13:02  Baneling  
  200  13:05  Neural Parasite, Baneling  
  155  13:20  Zergling x4, Roach x7  
  155  13:21  Corruptor x3  
  155  13:22  Corruptor  
  155  13:25  Corruptor  
  157  13:31  Corruptor x3  
  156  13:36  Corruptor  
  156  13:38  Zergling x8  
  156  13:41  Zergling x8  
  159  13:45  Overseer x2  
  159  13:46  Corruptor  
  159  13:48  Zergling x4  
  159  13:52  Ravager x5  
  159  13:54  Drone x2  
  167  14:00  Spore Crawler, Drone  
  167  14:02  Spine Crawler, Baneling x11  
  166  14:04  Overseer  
  166  14:07  Corruptor  
  168  14:14  Zergling x2  
  168  14:15  Zergling x16  
  168  14:17  Drone  
  178  14:18  Extractor, Baneling x6  
  178  14:19  Baneling x2  
  178  14:20  Baneling  
  177  14:27  Zergling x16  
  185  14:33  Zerg Ground Armor Level 1  
  185  14:35  Baneling x9  
  184  14:47  Zergling x18  
  190  14:57  Drone x7  
  191  15:02  Viper x3  
  191  15:03  Spine Crawler x2  
  197  15:07  Drone  
  197  15:08  Zergling x2  
  199  15:15  Unknown  
  199  15:17  Drone x2  
  199  15:28  Spore Crawler  
  195  15:29  Spore Crawler  
  195  15:30  Baneling x4  
  195  15:31  Spore Crawler x3  
  195  15:33  Spore Crawler  
  195  15:34  Spore Crawler  
  180  15:44  Baneling x12  
  180  15:48  Corruptor x2  
  170  15:50  Zergling x26  
  170  15:51  Zergling x12  
  170  15:53  Roach  
  188  16:04  Corruptor x3  
  182  16:08  Hatchery  
  182  16:10  Corruptor  
  186  16:29  Corruptor  
  186  16:30  Corruptor x3  
  157  16:43  Zergling x10, Roach  
  157  16:44  Zergling x2  
  142  16:50  Spire  
Show
View Real Time Build Order
Export as new Build Order

Dear Protoss - Winner!

Build Orders: 1 Gate Expand, Oracle Opening, Phoenix Opening, Carriers 

Get SALT Encoding   

  12  0:00  Probe  
  13  0:12  Probe  
  14  0:18  Pylon  
  14  0:25  Probe  
  14  0:27  Assimilator  
  15  0:37  Probe (Chrono Boost)  
  16  0:43  Gateway  
  16  0:48  Probe (Chrono Boost)  
  17  0:53  Probe (Chrono Boost)  
  18  1:03  Probe  
  19  1:15  Probe  
  20  1:23  Nexus  
  20  1:33  Cybernetics Core  
  20  1:36  Probe  
  21  1:41  Assimilator  
  21  1:48  Probe  
  21  1:51  Pylon  
  22  2:00  Probe  
  23  2:06  Adept (Chrono Boost)  
  23  2:12  Probe  
  23  2:14  Stargate  
  26  2:17  Warp Gate  
  26  2:24  Probe (Chrono Boost)  
  26  2:29  Adept  
  29  2:35  Probe (Chrono Boost)  
  29  2:37  Probe (Chrono Boost)  
  32  2:45  Probe x2 (Chrono Boost)  
  32  2:50  Probe (Chrono Boost)  
  32  2:51  Probe  
  33  2:57  Phoenix (Chrono Boost)  
  37  3:02  Probe  
  37  3:03  Probe  
  39  3:08  Gateway  
  39  3:11  Adept  
  41  3:17  Gateway  
  41  3:20  Probe  
  41  3:21  Probe  
  41  3:27  Pylon  
  43  3:29  Oracle (Chrono Boost)  
  46  3:39  Pylon  
  46  3:45  Probe x2  
  48  3:57  Probe x2  
  50  4:03  Nexus  
  50  4:09  Probe x2  
  52  4:11  Adept x2  
  52  4:12  Adept  
  58  4:20  Pylon  
  58  4:21  Probe x2  
  58  4:23  Pylon  
  60  4:30  Assimilator  
  60  4:31  Assimilator  
  60  4:33  Probe x2  
  62  4:41  Sentry  
  62  4:42  Sentry x2  
  68  4:46  Probe x2  
  68  4:58  Probe x2, Forge  
  68  4:59  Twilight Council  
  68  5:01  Gateway  
  68  5:02  Pylon  
  68  5:10  Probe x2 (Chrono Boost)  
  68  5:11  Zealot x2  
  68  5:12  Zealot  
  76  5:17  Probe (Chrono Boost)  
  79  5:22  Probe x2 (Chrono Boost)  
  79  5:26  Probe (Chrono Boost)  
  79  5:28  Probe x2 (Chrono Boost), Protoss Ground Weapons Level 1 (Chrono Boost)  
  80  5:31  Probe (Chrono Boost)  
  83  5:35  Charge  
  83  5:36  Probe  
  83  5:39  Photon Cannon  
  83  5:41  Probe, Assimilator  
  85  5:44  Robotics Facility  
  85  5:45  Probe, Assimilator  
  86  5:50  Templar Archives  
  86  5:51  Probe  
  86  5:53  Probe  
  88  5:57  Probe  
  88  5:59  Pylon  
  88  6:03  Probe  
  90  6:06  Zealot x4  
  90  6:10  Probe  
  99  6:12  Pylon  
  99  6:16  Psionic Storm  
  99  6:18  Gateway  
  99  6:20  Gateway  
  99  6:22  Gateway  
  99  6:27  Gateway  
  99  6:34  Observer (Chrono Boost)  
  99  6:39  Probe  
  101  6:41  Pylon  
  101  6:43  High Templar x4  
  109  6:47  Pylon  
  109  6:49  Pylon  
  109  6:50  Pylon, Warp Prism  
  111  7:00  Nexus  
  111  7:01  Pylon  
  109  7:09  Photon Cannon  
  109  7:12  Photon Cannon  
  108  7:19  Phoenix (Chrono Boost)  
  110  7:23  Stalker x2, Shield Battery  
  110  7:24  Stalker  
  110  7:26  Probe  
  110  7:28  Photon Cannon  
  117  7:32  Protoss Ground Weapons Level 2 (Chrono Boost)  
  117  7:35  Phoenix (Chrono Boost)  
  116  7:50  Immortal  
  120  7:56  Phoenix (Chrono Boost)  
  122  8:01  Pylon  
  122  8:05  High Templar x3  
  124  8:06  High Templar, Zealot x3  
  124  8:10  Archon  
  124  8:11  Archon  
  134  8:17  Phoenix  
  134  8:18  Nexus  
  136  8:23  Photon Cannon  
  136  8:25  Photon Cannon, Shield Battery  
  136  8:26  Pylon  
  136  8:29  Probe x3  
  136  8:30  Immortal  
  140  8:46  Probe x2  
  140  8:53  High Templar x4  
  140  8:54  Zealot x3  
  153  8:58  Archon x2, Zealot  
  153  8:59  Pylon  
  153  9:01  Probe x3  
  153  9:02  Assimilator  
  158  9:04  Pylon, Assimilator  
  156  9:18  Probe x3  
  156  9:23  Stargate  
  159  9:24  Photon Cannon  
  159  9:25  Fleet Beacon  
  159  9:37  Gateway x2  
  159  9:42  Protoss Ground Weapons Level 3 (Chrono Boost), Photon Cannon  
  159  9:44  Photon Cannon  
  159  9:45  Pylon  
  159  9:51  Photon Cannon  
  159  9:55  High Templar x2  
  159  9:57  Photon Cannon  
  163  10:02  High Templar x2, Photon Cannon  
  163  10:04  Photon Cannon, Sentry  
  169  10:11  Archon  
  167  10:16  Carrier (Chrono Boost)  
  169  10:23  Carrier (Chrono Boost)  
  169  10:24  Photon Cannon  
  169  10:26  Photon Cannon  
  175  10:35  Photon Cannon  
  175  10:36  Photon Cannon  
  175  10:37  Shield Battery  
  175  10:38  Pylon  
  175  10:39  Photon Cannon  
  175  10:52  Mothership  
  183  11:00  Protoss Air Weapons Level 1 (Chrono Boost)  
  183  11:01  Nexus  
  183  11:02  Photon Cannon  
  183  11:05  Photon Cannon  
  183  11:10  Carrier (Chrono Boost), Shield Battery  
  183  11:16  Shield Battery, Carrier (Chrono Boost)  
  193  11:19  Pylon  
  193  11:21  Unknown  
  193  11:25  Pylon  
  193  11:27  Photon Cannon x2  
  179  11:52  Zealot  
  179  11:53  Zealot x8  
  183  11:58  Carrier (Chrono Boost)  
  173  12:02  Carrier (Chrono Boost)  
  175  12:15  Stargate  
  175  12:32  Probe x3  
  175  12:36  Shield Battery  
  178  12:37  High Templar, Shield Battery  
  178  12:38  High Templar x3  
  178  12:39  High Templar x2  
  178  12:40  High Templar x2  
  178  12:42  Archon x2  
  178  12:43  Archon  
  194  12:53  Pylon, Protoss Air Weapons Level 2 (Chrono Boost)  
  194  12:54  Protoss Shields Level 1 (Chrono Boost)  
  182  13:16  Archon  
  182  13:17  Archon  
  182  13:18  Zealot x10  
  176  13:20  Carrier x2 (Chrono Boost)  
  176  13:21  Carrier (Chrono Boost)  
  154  13:44  Probe x3  
  154  13:45  Probe  
  156  13:48  High Templar  
  156  13:49  High Templar x3  
  156  13:53  Pylon  
  158  14:02  Shield Battery  
  158  14:03  Photon Cannon  
  158  14:05  Nexus  
  158  14:07  Carrier (Chrono Boost)  
  158  14:08  Shield Battery  
  158  14:09  Carrier x2 (Chrono Boost)  
  158  14:10  Shield Battery  
  176  14:24  High Templar x2  
  176  14:27  Zealot x5  
  190  14:31  High Templar x2  
  190  14:32  Archon  
  190  14:35  Archon  
  187  15:06  Zealot x4  
  187  15:07  Zealot x4  
  197  15:17  Photon Cannon  
  197  15:19  Photon Cannon  
  197  15:21  Photon Cannon, Observer (Chrono Boost)  
  196  15:26  Stalker x2  
  196  15:39  Unknown  
  184  15:43  Photon Cannon  
  184  15:45  Photon Cannon, Shield Battery  
  184  15:46  Shield Battery  
  184  16:01  Pylon  
  180  16:09  High Templar x2  
  180  16:10  High Templar x6  
  196  16:12  High Templar x2  
  196  16:15  Archon x2  
  196  16:16  Archon x2  
  196  16:17  Archon  
Tags
 
Add a new tag
Caveats
  • Supply blocks, unpowered buildings, or Contaminate may cause inaccurate times.
  • Supply counts are checked every 10 seconds.